AoeStats
← vixilixiv

Arabia

508648075Analyzed
1v1 RM · 10d ago on Sep 23, 2026· 19m 16s· 2 players
Game mode
Random Map
Map size
Tiny (2 player)
Population
200
Speed
Normal
Resources
Standard
Victory
Conquest
Starting age
Dark Age
Ending age
Imperial Age
RankedLock teamsTeams togetherTeam positionsShared explorationLock speedFull tech treeHidden civsTurbo modeCheats
Victory
Defeat
🇮🇳 Mongols · India
688
+17
🇧🇷 Franks · Brazil
705
-36
vixilixiv
5:20 Loom
10:06 Feudal Age
12:26 Bloodlines
13:09 Horse Collar
18:28 Fletching
18:38 Padded Archer Armor
Rollo
6:18 Loom
12:48 Feudal Age
18:35 Castle Age
Connection lost

Rejoining the realm…

Still unreachable

The connection could not be restored.

Session expired

The server has moved on; the page needs a fresh start.